 Seeded DCSS version 0.31-a0-876-gfe8ebadbca (webtiles) character file.

Game seed: 20231013 (custom seed)

90 Danienth the Conjurer (level 4, 0/45 HPs)
             Began as a Human Conjurer on Oct 13, 2023.
             Succumbed to a kobold brigand's curare-tipped dart
             ... on level 3 of the Dungeon.
             The game lasted 00:17:21 (2937 turns).

Danienth the Conjurer (Human Conjurer)              Turns: 2937, Time: 00:17:21

Health: 0/45       AC:  5    Str:  7    XL:     4   Next: 85%
Magic:  9/9        EV: 12    Int: 20    God:
Gold:   119        SH:  0    Dex: 12    Spells: 0/10 levels left

rFire   . . .        e - +0 dagger
rCold   . . .        (no shield)
rNeg    . . .        a - +0 robe
rPois   .            p - +1 helmet
rElec   .            (no cloak)
rCorr   .            (no gloves)
SInv    .            d - +0 pair of boots
Will    .....        (no amulet) Stlth
                     (no ring)
HPRegen 0.27/turn    (no ring)
MPRegen 0.11/turn

%: no passive effects
@: berserking, lethally poisoned (0 -> -1), slowed
A: no striking features
a: no special abilities


You were on level 3 of the Dungeon.
You visited 1 branch of the dungeon, and saw 4 of its levels.

You collected 119 gold pieces.

Inventory:

Hand Weapons
 e - a +0 dagger (weapon)
Missiles
 g - 11 poisoned darts (quivered)
 n - 6 curare-tipped darts
Armour
 a - a +0 robe (worn)
 d - a +0 pair of boots (worn)
 i - an orb of guile
 l - a +4 ring mail
 p - a +1 helmet (worn)
Scrolls
 f - a scroll of poison {unknown}
 h - a scroll of identify {unknown}
 j - a scroll of teleportation
 o - a scroll of revelation {unknown}
 q - a scroll of immolation {unknown}
Potions
 b - a potion of magic
 k - a potion of curing {unknown}
 m - a potion of brilliance {unknown}
 r - a potion of haste {unknown}


   Skills:
 + Level 0.6 Throwing
 * Level 3.0 Dodging
 - Level 2.0 Stealth
 + Level 3.6 Spellcasting
 + Level 4.0 Conjurations


You couldn't memorise any spells.
You knew the following spells:

 Your Spells              Type           Power      Damage    Failure   Level
a - Magic Dart            Conj           76%        1d6       2%          1
b - Searing Ray           Conj           38%        2d5       4%          2
c - Stone Arrow           Conj/Erth      22%        3d8       19%         3
d - Fulminant Prism       Conj/Hex       5%         3d7       52%         4

Your spell library contained the following spells:

 Spells                   Type           Power      Damage    Failure   Level
 Sandblast                Erth           6%         2d5       14%         1
 Dazzling Flash           Conj/Hex       22%        N/A       19%         3
 Passwall                 Tmut/Erth      2%         N/A       21%         2
 Ozocubu's Armour         Ice            3%         N/A       38%         3
 Brom's Barrelling Bould  Conj/Erth      11%        2d3       52%         4
 Iskenderun's Mystic Bla  Conj/Tloc      11%        2d4       52%         4
 Ozocubu's Refrigeration  Ice            1%         4d7       100%        7


Dungeon Overview and Level Annotations

Branches:
Dungeon (4/15)
 Temple: D:4-7

Altars:
Kikubaaqudgha

Annotations:
D:1 1 runed translucent door
D:3 Natasha


Message History

There is an escape hatch in the floor here.
You slide downwards.
The hatch slams shut behind you.
Natasha hisses angrily.
The kobold brigand shouts!
Found 9 gold pieces, a silvery potion and 6 boomerangs.
Found a stone staircase leading up.
An endoplasm comes into view.
Found 9 gold pieces.
Found a stone staircase leading up.
Natasha stares at you and mumbles some strange words.
You resist with some effort.
The kobold brigand throws a curare-tipped dart.
The curare-tipped dart hits you.
You are poisoned.
You have difficulty breathing.
You feel yourself slow down.
You feel very sick.
Natasha casts a spell.
You feel very sick.
There is a stone staircase leading up here.
You feel sick. Natasha casts a spell at you. The magic dart hits you!
* * * LOW HITPOINT WARNING * * *
Natasha claws you.
* * * LOW HITPOINT WARNING * * *
You climb upwards.
The cerulean imp disappears in a puff of smoke!
* * * LOW HITPOINT WARNING * * *
You feel sick.
There is a stone staircase leading down here.
It was a potion of berserk rage.
A red film seems to cover your vision as you go berserk!
You feel yourself moving faster!
You feel mighty!
* * * LOW HITPOINT WARNING * * *
You feel sick. Natasha barely misses you.
You are too berserk!
You are too injured to fight recklessly!
Hit: e) +0 dagger
Press: ? - help, Dir - move target, f - Natasha
Aim: Natasha (about 45% to evade your +0 dagger)
You closely miss Natasha.
You die...

########## # ############
...........####
#.............#######
#..........##...)...#
...........########.#
#..........#....h.#.#
#...............@...#
.........[..........##
.....................#
.....................####
#.##.#####..............#
..##.# #............###
#....######........##.#
#..###.)...).......##.#
#....รท.###............##


You could see Natasha.

Vanquished Creatures
  3 gnolls (D:3)
  A worm (D:2)
  3 dart slugs
  2 orcs (D:3)
  2 bats
  5 endoplasms
  A giant cockroach (D:2)
  6 goblins
  5 hobgoblins
  3 quokkas
  6 ball pythons
  3 frilled lizards (D:2)
  4 kobolds
  6 rats
50 creatures vanquished.

Notes
Turn   | Place    | Note
-------+----------+-------------------------------------------
     0 | D:1      | Danienth the Human Conjurer began the quest for the Orb.
     0 | D:1      | Reached XP level 1. HP: 13/13 MP: 3/3
     1 | D:1      | Found a runed translucent door.
     3 | D:1      | Noticed a jelly
   208 | D:1      | Reached XP level 2. HP: 19/19 MP: 3/5
   270 | D:1      | Found a faded altar of an unknown god.
   363 | D:1      | Learned a level 2 spell: Searing Ray
   902 | D:1      | Reached XP level 3. HP: 24/24 MP: 2/7
  1708 | D:2      | Reached XP level 4. HP: 30/30 MP: 5/8
  2313 | D:3      | Found an ancient bone altar of Kikubaaqudgha.
  2804 | D:3      | Learned a level 3 spell: Stone Arrow
  2809 | D:3      | Learned a level 4 spell: Fulminant Prism
  2929 | D:4      | Noticed Natasha
  2929 | D:4      | Noticed a kobold brigand
  2935 | D:3      | HP: 1/30 [poisoned by a kobold brigand (curare-tipped
                  | dart)]
  2937 | D:3      | Succumbed to a kobold brigand's curare-tipped dart

Illustrated notes

Levels and vault maps discovered:
D:1:      dpeg_arrival_caged_fury, layout_loops_cross,
          ebering_ecumenical_altar_rust
D:2:      layout_basic, minmay_crystal_room
D:3:      layout_rooms, lemuel_round_altar
D:4:      layout_rooms, mainiacjoe_overflow_concentric_impassable,
          minmay_temple_entry_nine_rooms, uniq_natasha

Skill      XL: |  1  2  3  4 |
---------------+-------------+-----
Spellcasting   | 3 |  3.6
Dodging        | 3 |  3.0
Throwing       | |  0.6
Stealth        | |  2.0
Conjurations   | |  4.0

Action                     |  1- 3 |  4- 6 || total
---------------------------+-------+-------++-------
  Melee: Unarmed           |     4 |       ||     4
         Dagger            |       |     1 ||     1
  Throw: Dart              |       |    17 ||    17
   Cast: Magic Dart        |    76 |    22 ||    98
         Searing Ray       |       |     5 ||     5
    Use: Scroll            |     1 |       ||     1
         Potion            |       |     1 ||     1
 Armour: Robe              |     5 |     4 ||     9
  Dodge: Dodged            |     6 |     5 ||    11

Table legend: (Time is in decaauts)
 A = Elapsed time spent in this place.
 B = Non-inter-level travel time spent in this place.
 C = Inter-level travel time spent in this place.
 D = Time resting spent in this place.
 E = Time spent auto-exploring this place.
 F = Levels seen in this place.
 G = Mean time per level.
                   A        B        C        D        E       F      G
               +--------+--------+--------+--------+--------+-----+--------+
         Total |   2938 |   2815 |    123 |    466 |   1931 |   4 |  734.5 |
       Dungeon |   2938 |   2815 |    123 |    466 |   1931 |   4 |  734.5 |
               +--------+--------+--------+--------+--------+-----+--------+

Top non-repeatable levels by time:
     D:1: 1031 daAuts
     D:2: 1007 daAuts
     D:3: 892 daAuts
     D:4: 7 daAuts
